 Dungeon Crawl Stone Soup version 0.30-a0-777-ga9a30cbeda (console) character file.

Game seed: 10026541698475851563

1946 rlgrobin the Martial Artist (level 8, 0/58 HPs)
             Began as a Mummy Monk on Feb 14, 2023.
             Slain by a centaur
             ... wielding a +0 war axe
              (10 damage)
             ... on level 7 of the Dungeon.
             The game lasted 00:17:16 (8163 turns).

rlgrobin the Martial Artist (Mummy Monk)            Turns: 8163, Time: 00:17:17

Health: 0/58       AC:  7    Str: 15    XL:     8   Next: 98%
Magic:  17/17      EV: 14    Int:  9    God:
Gold:   345        SH:  0    Dex: 16    Spells: 7/7 levels left

rFire   x . .      SeeInvis .      - Unarmed
rCold   + . .      Faith    +    (no shield)
rNeg    + + +      Spirit   .    (no body armour)
rPois   ∞          Reflect  .    k - +0 helmet
rElec   .          Harm     .    (no cloak)
rCorr   .          Rampage  .    c - +0 pair of gloves
Will    +....                    m - +0 pair of boots
Stlth   ++                       (no amulet)
HPRegen 0.29/turn                f - +4 ring of protection
MPRegen 0.15/turn                j - ring of magical power

@: no status effects
A: cold resistance 1, negative energy resistance 3, torment resistance 2, heat
vulnerability 1, in touch with death 1, no potions, faith
a: no special abilities


You were on level 7 of the Dungeon.
You visited 1 branch of the dungeon, and saw 7 of its levels.
You also visited: Ossuary.

You collected 345 gold pieces.

Inventory:

Armour
 c - a +0 pair of gloves (worn)
 k - a +0 helmet (worn)
 m - a +0 pair of boots (worn)
Jewellery
 f - a +4 ring of protection (left hand)
 j - a ring of magical power (right hand)
Scrolls
 a - 2 scrolls of identify
 b - 5 scrolls of teleportation
 d - 2 scrolls of blinking
 e - a scroll of silence
 g - 2 scrolls of fear
 h - 2 scrolls of vulnerability
 i - a scroll of poison


   Skills:
 - Level 3.0 Fighting
 - Level 5.2 Dodging
 - Level 2.1 Stealth
 + Level 8.9 Unarmed Combat


You had 7 spell levels left.
You didn't know any spells.
Your spell library contained the following spells:

 Spells                   Type           Power      Damage    Failure   Level
 Ensorcelled Hibernation  Hex/Ice        0%         N/A       52%         2
 Lesser Beckoning         Tloc           0%         N/A       52%         2
 Passwall                 Tmut/Erth      0%         N/A       52%         2
 Gell's Gravitas          Tloc           0%         N/A       77%         3
 Hailstorm                Conj/Ice       0%         3d3       77%         3
 Portal Projectile        Hex/Tloc       0%         N/A       77%         3
 Swiftness                Air            0%         N/A       77%         3
 Teleport Other           Tloc           0%         N/A       77%         3
 Tukima's Dance           Hex            0%         N/A       77%         3
 Simulacrum               Ice/Necr       0%         N/A       100%        6
 Ice Form                 Ice/Tmut       Unusable   N/A       N/A         4
 Blade Hands              Tmut           Unusable   N/A       N/A         5

Dungeon Overview and Level Annotations

Branches:
Dungeon (7/15)            Ossuary (visited)
 Temple: D:4-7

Altars:
Ashenzari
Fedhas
Makhleb
Nemelex Xobeh
Qazlal
Yredelemnul

Annotations:
D:4 exclusions: 2 gnolls, 2 goblins, 2 hobgoblins and jelly
D:5 Blork the orc, Menkaure
D:6 exclusion: ogre


Innate Abilities, Weirdness & Mutations

You are immune to poison.
Your flesh is cold resistant. (rC+)
You are immune to negative energy. (rN+++)
You are immune to unholy pain and torment.
You are vulnerable to heat. (rF-)
You are in touch with the powers of death.
You do not drink.
You have a special connection with the divine. (Faith)


Message History

The centaur kicks you but does no damage.
The centaur blocks your attack.
The centaur is moderately wounded.
The centaur barely misses you.
The centaur kicks you but does no damage.
You hit the centaur.
The centaur is heavily wounded.
The centaur hits you with a +0 war axe.
The centaur kicks you but does no damage.
The centaur blocks your attack.
The centaur is heavily wounded.
The centaur completely misses you. The centaur barely misses you.
The centaur blocks your attack.
The centaur is heavily wounded.
The centaur hits you but does no damage.
The centaur misses you. The centaur closely misses you.
The centaur kicks you but does no damage.
The centaur blocks your attack.
The centaur is heavily wounded.
The centaur hits you with a +0 war axe. The centaur kicks you.
The centaur blocks your attack.
The centaur is heavily wounded.
The centaur barely misses you. x2
The centaur blocks your attack.
The centaur is heavily wounded.
The centaur closely misses you.
The centaur kicks you but does no damage.
A sky beast comes into view.
The centaur hits you with a +0 war axe!
* * * LOW HITPOINT WARNING * * *
The centaur kicks you but does no damage.
You hit the centaur.
The centaur is severely wounded.
The centaur hits you with a +0 war axe.
* * * LOW HITPOINT WARNING * * *
The centaur closely misses you. The centaur blocks your attack.
You punch the centaur.
The centaur is severely wounded.
The centaur hits you with a +0 war axe!
You die...

#). #.# #.# ###
#.######## # #[####
#.#......#.# ...#.######
#.#......... .#........#
#.#.........
...#.####.###.#.@c......
#.####..................
### #.######.#......#+#
# #.#.###### #.#.# #.#.#
#.#Y# ..#.# ###.#


You could see a sky beast and a centaur (reflecting).

Vanquished Creatures
  A water moccasin (D:6)
  2 ice beasts
  A centaur (D:5)
  An elf zombie (D:4)
  2 bullfrogs
  3 necrophages
  2 elf skeletons (D:4)
  3 scorpions
  3 wights (D:6)
  A troll zombie (Ossuary)
  A jelly (D:7)
  2 centaur zombies (Ossuary)
  A crimson imp (D:5)
  3 hounds
  2 iguanas
  An orc wizard (D:7)
  2 ogre zombies (Ossuary)
  7 mummies (Ossuary)
  Robin (D:3)
  7 adders
  4 gnolls (D:5)
  A shadow imp (D:5)
  A white imp (D:7)
  An ufetubus (D:6)
  4 adder zombies (Ossuary)
  A worm (D:2)
  3 dart slugs
  7 orcs
  6 ball pythons
  3 endoplasms (D:2)
  3 giant cockroaches
  7 hobgoblins
  6 jackals (D:3)
  3 kobolds
  A quokka (D:3)
  2 bats
  6 frilled lizards
  13 goblins
  3 goblin zombies (Ossuary)
  5 hobgoblin zombies (Ossuary)
  4 kobold zombies (Ossuary)
  2 orc skeletons (D:4)
  An orc zombie (D:4)
  4 quokka zombies (Ossuary)
  7 rats
  5 rat zombies (Ossuary)
149 creatures vanquished.

Notes
Turn   | Place    | Note
-------+----------+-------------------------------------------
     0 | D:1      | rlgrobin the Mummy Monk began the quest for the Orb.
     0 | D:1      | Reached XP level 1. HP: 18/18 MP: 1/1
   382 | D:1      | Reached skill level 3 in Unarmed Combat
   382 | D:1      | Reached XP level 2. HP: 22/24 MP: 2/2
   823 | D:2      | Gained mutation: You are in touch with the powers of death.
                  | [Mummy growth]
   823 | D:2      | Reached XP level 3. HP: 18/29 MP: 3/3
  1552 | D:3      | Reached skill level 4 in Unarmed Combat
  1701 | D:3      | You fall into a shaft and drop 1 floor!
  1725 | D:4      | Reached XP level 4. HP: 26/35 MP: 4/4
  1923 | D:4      | Reached XP level 5. HP: 32/41 MP: 5/5
  1931 | D:4      | Found a sand-covered staircase.
  1962 | D:4      | Reached skill level 5 in Unarmed Combat
  1985 | D:4      | Reached XP level 6. HP: 17/47 MP: 6/6
  2064 | Ossuary  | Entered an ossuary
  2941 | Ossuary  | Reached skill level 6 in Unarmed Combat
  3139 | Ossuary  | Reached XP level 7. HP: 42/52 MP: 7/7
  3265 | D:4      | Found a stormy altar of Qazlal.
  3266 | D:4      | Noticed a fire elemental
  3267 | D:4      | Noticed a water elemental
  3267 | D:4      | Noticed an air elemental
  4789 | D:4      | Found a sparkling altar of Nemelex Xobeh.
  4913 | D:4      | Noticed Robin
  5039 | D:3      | Killed Robin
  5216 | D:4      | Found a blossoming altar of Fedhas.
  5289 | D:4      | Reached skill level 7 in Unarmed Combat
  5353 | D:5      | Entered Level 5 of the Dungeon
  5357 | D:5      | Noticed Blork the orc
  5979 | D:5      | Reached XP level 8. HP: 25/58 MP: 8/8
  6117 | D:5      | Noticed Menkaure
  6166 | D:5      | Reached skill level 5 in Dodging
  6268 | D:5      | Found a burning altar of Makhleb.
  6335 | D:5      | Found a basalt altar of Yredelemnul.
  7081 | D:6      | Found a broken altar of Ashenzari.
  7239 | D:6      | Reached skill level 8 in Unarmed Combat
  8163 | D:7      | Slain by a centaur

Illustrated notes

Levels and vault maps discovered:
D:1:      arrival_zaba_pyramid, layout_basic, minmay_bisected
D:2:      layout_basic
D:3:      layout_basic, minivault_25
D:4:      layout_rooms, hellmonk_okawaru_the_only_friend_you_need,
          nicolae_qazlal_style_of_elements, mainiacjoe_overflow_boulevard,
          nemelex_altar_shiori, nicolae_ossuary_entry_catacombs, uniq_robin
D:5:      layout_loops_ring, makhleb_grotto_becter, yredelemnul_altar_generic,
          uniq_blork_the_orc, uniq_menkaure
D:6:      layout_rooms, evilmike_ruin_ashenzari, uniq_crazy_yiuf_cottage
D:7:      minmay_spotlight, layout_basic, xom_butterflies, trog_hazing_becter,
          temple_green, uniq_pikel

Skill      XL: |  1  2  3  4  5  6  7  8 |
---------------+-------------------------+-----
Unarmed Combat | 3 4 5 6 7 8 |  8.9
Stealth        | 2 |  2.1
Dodging        | 4 5 |  5.2
Fighting       | |  3.0

Action                     |  1- 3 |  4- 6 |  7- 9 || total
---------------------------+-------+-------+-------++-------
  Melee: Unarmed           |   172 |   235 |   390 ||   797
         Punch             |     3 |    10 |    16 ||    29
    Use: Scroll            |     4 |       |     6 ||    10
   Stab: Sleeping          |     4 |    15 |     4 ||    23
 Armour: Skin              |    24 |    35 |   101 ||   160
  Dodge: Dodged            |    97 |    97 |   222 ||   416

Table legend: (Time is in decaauts)
 A = Elapsed time spent in this place.
 B = Non-inter-level travel time spent in this place.
 C = Inter-level travel time spent in this place.
 D = Time resting spent in this place.
 E = Time spent auto-exploring this place.
 F = Levels seen in this place.
 G = Mean time per level.
                   A        B        C        D        E       F      G
               +--------+--------+--------+--------+--------+-----+--------+
         Total |   8079 |   7697 |    382 |   1914 |   3723 |   8 | 1009.9 |
       Dungeon |   6919 |   6537 |    382 |   1418 |   3587 |   7 |  988.4 |
       Ossuary |   1160 |   1160 |      0 |    496 |    136 |   1 | 1160.0 |
               +--------+--------+--------+--------+--------+-----+--------+

Top non-repeatable levels by time:
     D:5: 1485 daAuts
     D:4: 1411 daAuts
     D:3: 1186 daAuts
 Ossuary: 1160 daAuts
     D:2: 827 daAuts
     D:6: 797 daAuts
     D:1: 718 daAuts
     D:7: 492 daAuts
